Map: Nightshade LE

Players

RiSky

  • Race: Zerg Zerg
  • Spawn Location: 5:00

Namshar - Winner!

  • Race: Zerg Zerg
  • Spawn Location: 11:00

Event: IEM Katowice 2020

VOD

Have the link to the VOD?

Description

Time

  • Played on: Feb. 25, 2020, 6:25 a.m.
  • Length: 12:21

All games in this series

Show
View Real Time Build Order
Export as new Build Order

RiSky Zerg 

Build Orders: Hatch First 

Get SALT Encoding   

  12  0:00  Drone  
  13  0:12  Overlord  
  13  0:16  Drone  
  14  0:30  Drone x2  
  16  0:47  Hatchery  
  15  0:50  Drone  
  15  0:54  Drone  
  17  0:57  Drone  
  18  1:08  Extractor  
  17  1:12  Spawning Pool  
  17  1:15  Drone  
  17  1:18  Drone  
  18  1:27  Drone  
  19  1:38  Drone  
  20  1:49  Drone  
  21  1:59  Overlord  
  21  2:00  Zergling x2, Queen x2  
  26  2:11  Drone x2  
  26  2:13  Metabolic Boost  
  28  2:20  Drone  
  28  2:21  Drone  
  30  2:34  Hatchery  
  30  2:35  Drone  
  30  2:38  Zergling x2  
  31  2:46  Zergling x2, Baneling Nest  
  31  2:49  Overlord  
  31  2:53  Zergling x2  
  31  2:54  Zergling x2  
  33  3:05  Zergling x4  
  35  3:10  Zergling x2  
  35  3:11  Zergling x8  
  40  3:14  Zergling x2  
  40  3:18  Overlord  
  41  3:20  Zergling x2  
  42  3:31  Zergling x4  
  44  3:34  Baneling  
  44  3:35  Baneling  
  44  3:39  Baneling x2  
  45  3:41  Zergling x10  
  45  3:44  Zergling x2  
  49  3:51  Zergling x6  
  49  3:54  Zergling x2  
  51  3:59  Zergling x4  
  47  4:05  Zergling x2  
  47  4:08  Zergling x4  
  47  4:14  Zergling x6  
  47  4:15  Zergling x2  
  50  4:17  Zergling x2  
  50  4:20  Zergling x2  
  50  4:22  Zergling x2  
  47  4:24  Zergling x2  
  47  4:26  Zergling x2, Baneling  
  47  4:30  Zergling x2  
  45  4:31  Zergling x2  
  45  4:34  Zergling x2  
  47  4:40  Zergling x4  
  47  4:45  Zergling x2  
  48  4:51  Zergling x4  
  48  4:55  Zergling x2  
  48  5:05  Zergling x4  
  46  5:07  Zergling x2  
  46  5:08  Zergling x8, Baneling  
  46  5:09  Baneling  
  48  5:15  Zergling x4  
  48  5:16  Zergling x2  
  48  5:22  Zergling x2  
  48  5:26  Zergling x4  
  45  5:33  Zergling x6  
  45  5:34  Zergling x2  
  45  5:35  Zergling x2  
  48  5:36  Zergling x2  
  48  5:39  Baneling  
  48  5:40  Baneling  
  48  5:41  Zergling x2  
  49  5:43  Zergling x2  
  49  5:46  Zergling x2  
  49  5:51  Zergling x4  
  50  6:00  Zergling x4  
  51  6:07  Baneling x4  
  51  6:09  Zergling x4  
  49  6:11  Zergling x2  
  49  6:12  Zergling x2  
  49  6:18  Zergling x8  
  53  6:26  Zergling x6  
  53  6:29  Zergling x2  
  55  6:35  Zergling x2  
  55  6:36  Zergling x2  
  55  6:38  Baneling x2  
  55  6:40  Zergling x4  
  55  6:45  Zergling x2  
  57  6:48  Zergling x2  
  57  6:49  Zergling x4  
  51  6:54  Zergling x4  
  51  6:58  Zergling x4  
  50  7:04  Zergling x4  
  50  7:06  Drone, Baneling  
  50  7:08  Baneling  
  52  7:13  Drone  
  52  7:14  Drone x2  
  54  7:18  Baneling  
  54  7:24  Drone  
  54  7:27  Drone x2  
  57  7:31  Baneling  
  57  7:32  Drone  
  57  7:33  Overlord  
  57  7:38  Overlord  
  57  7:43  Overlord  
  57  7:51  Extractor, Drone x3  
  57  7:52  Drone  
  57  7:53  Extractor, Drone  
  57  7:56  Drone  
  57  7:57  Drone  
  61  7:59  Drone  
  61  8:00  Drone  
  61  8:03  Drone  
  63  8:10  Drone  
  64  8:15  Drone, Roach Warren  
  64  8:16  Drone x2  
  67  8:20  Drone x2  
  67  8:24  Drone  
  69  8:27  Drone  
  69  8:30  Evolution Chamber  
  69  8:32  Baneling x3  
  68  8:45  Drone x9  
  77  8:50  Lair  
  77  8:54  Drone  
  78  8:58  Zerg Missile Weapons Level 1  
  78  8:59  Drone x2  
  78  9:02  Extractor  
  79  9:03  Extractor  
  79  9:04  Overlord  
  79  9:07  Overlord  
  78  9:14  Roach x2  
  82  9:18  Overlord  
  82  9:22  Roach x2, Queen  
  82  9:24  Roach  
  90  9:27  Roach  
  92  9:31  Overlord x2  
  92  9:34  Overlord  
  92  9:37  Roach  
  94  9:43  Overlord  
  92  9:46  Extractor  
  92  9:51  Roach x2  
  92  9:52  Glial Reconstitution  
  95  9:56  Roach  
  95  9:57  Roach  
  95  9:59  Roach  
  106  10:00  Roach x3  
  106  10:03  Ravager  
  106  10:05  Roach  
  106  10:06  Spire  
  101  10:08  Roach x2  
  105  10:14  Overlord  
  104  10:29  Hatchery  
  103  10:38  Drone  
  103  10:39  Drone x2  
  103  10:41  Roach x5  
  114  10:44  Overlord  
  114  10:47  Roach x2  
  112  11:05  Hatchery  
  104  11:20  Mutalisk x7  
  110  11:27  Mutalisk  
  110  11:31  Roach x2  
  114  11:34  Roach  
  114  11:35  Overlord  
  114  11:37  Roach x2  
  120  11:43  Overlord  
  120  11:48  Overlord x2  
  118  12:01  Roach x3  
Show
View Real Time Build Order
Export as new Build Order

Namshar Zerg - Winner!

Build Orders: Hatch First, Zergling Baneling 

Get SALT Encoding   

  12  0:01  Drone  
  13  0:13  Overlord  
  13  0:16  Drone  
  14  0:31  Drone x2  
  16  0:47  Hatchery  
  15  0:51  Drone  
  15  0:54  Drone  
  17  0:58  Drone  
  18  1:08  Extractor  
  17  1:12  Spawning Pool  
  17  1:16  Drone  
  17  1:19  Drone  
  18  1:28  Drone  
  19  1:39  Drone  
  20  1:50  Drone  
  21  1:59  Drone, Queen x2  
  21  2:00  Overlord  
  26  2:08  Metabolic Boost  
  26  2:10  Zergling x2  
  26  2:11  Drone  
  28  2:21  Zergling x2  
  28  2:22  Drone  
  30  2:31  Drone  
  30  2:33  Drone  
  32  2:37  Hatchery  
  32  2:42  Drone  
  32  2:45  Baneling Nest  
  32  2:48  Overlord  
  31  2:53  Drone  
  31  2:57  Drone  
  33  3:03  Drone  
  33  3:05  Drone  
  35  3:10  Drone x3  
  35  3:12  Queen  
  38  3:14  Zergling x2  
  38  3:18  Overlord  
  41  3:21  Drone  
  41  3:26  Drone, Evolution Chamber  
  42  3:28  Baneling x2  
  42  3:32  Zergling x4  
  44  3:37  Baneling x2  
  44  3:38  Zergling x2  
  44  3:41  Baneling x2  
  45  3:44  Zergling x2  
  45  3:45  Zergling x6  
  48  3:55  Zergling x8  
  49  4:05  Queen  
  49  4:06  Baneling x2  
  49  4:09  Zergling x4  
  52  4:10  Zergling x6  
  51  4:19  Zergling x2  
  48  4:26  Zergling x4  
  48  4:27  Zergling x10  
  48  4:28  Baneling x2  
  52  4:32  Zergling x2  
  52  4:36  Queen  
  54  4:38  Baneling  
  54  4:41  Zergling x6  
  52  4:50  Baneling  
  52  4:51  Baneling  
  52  4:57  Drone x4  
  52  4:58  Drone  
  53  5:09  Zergling x10  
  53  5:10  Baneling  
  56  5:19  Queen  
  56  5:24  Baneling  
  56  5:26  Queen  
  56  5:30  Zergling x2  
  56  5:31  Zergling x14  
  58  5:35  Zergling x2  
  58  5:36  Overlord  
  58  5:37  Overlord  
  56  5:43  Zergling x2  
  56  5:44  Zergling x2  
  56  5:46  Zergling x2  
  57  5:50  Baneling x2  
  57  5:51  Baneling x2  
  57  5:53  Zergling x2  
  58  6:00  Zergling x2  
  58  6:01  Zergling x10  
  58  6:02  Queen  
  62  6:06  Baneling  
  62  6:09  Queen  
  62  6:19  Baneling  
  62  6:21  Zergling x2  
  62  6:22  Zergling x2  
  60  6:39  Zergling x12  
  65  6:47  Roach Warren  
  65  6:53  Queen  
  60  7:02  Drone x13  
  60  7:03  Extractor, Baneling  
  60  7:04  Extractor, Baneling  
  60  7:05  Baneling x2  
  60  7:06  Overlord x2  
  71  7:17  Queen  
  73  7:32  Drone  
  73  7:34  Drone  
  73  7:36  Extractor, Zerg Missile Weapons Level 1  
  74  7:39  Extractor  
  73  7:51  Drone x4  
  77  7:57  Drone  
  77  7:58  Drone x3  
  80  8:03  Lair  
  80  8:04  Overlord x3  
  80  8:05  Overlord x2  
  80  8:06  Roach  
  80  8:07  Roach x4  
  89  8:19  Overlord x3  
  89  8:28  Drone x2  
  89  8:29  Extractor, Drone  
  89  8:31  Drone x2  
  89  8:33  Roach x6  
  103  8:46  Drone  
  104  8:50  Overlord  
  104  8:52  Pneumatized Carapace  
  104  8:53  Drone  
  104  8:55  Roach x4  
  112  8:58  Hatchery  
  112  8:59  Ravager x4  
  112  9:01  Overseer  
  115  9:10  Drone  
  115  9:11  Glial Reconstitution  
  115  9:16  Evolution Chamber  
  115  9:27  Ravager x2  
  117  9:33  Overlord  
  117  9:34  Zerg Missile Weapons Level 2  
  117  9:37  Roach x6  
  129  9:38  Hatchery  
  129  9:44  Zerg Ground Armor Level 1, Drone  
  129  9:52  Hatchery  
  128  9:59  Drone  
  129  10:00  Drone  
  129  10:05  Overseer  
  124  10:07  Drone  
  124  10:08  Hydralisk Den, Drone  
  124  10:11  Roach x6  
  136  10:14  Hatchery  
  136  10:19  Overlord  
  135  10:25  Roach  
  135  10:26  Roach x2  
  141  10:33  Drone  
  141  10:34  Drone x2  
  142  10:48  Roach x9  
  160  10:54  Extractor  
  160  10:55  Hatchery  
  160  10:56  Extractor, Overlord x3  
  157  10:57  Grooved Spines  
  157  11:03  Infestation Pit  
  156  11:08  Roach x4  
  161  11:25  Drone  
  161  11:26  Drone x5  
  167  11:37  Roach  
  167  11:38  Roach x6  
  179  11:45  Hydralisk, Overlord  
  180  11:50  Hydralisk  

Tags
 
Add a new tag
Caveats
  • Supply blocks, unpowered buildings, or Contaminate may cause inaccurate times.
  • Supply counts are checked every 10 seconds.